Zapwai, lawful male dwarven Archeologist ------- +.....| |.....| |.....| ##-.<...| # ----.-- ### # # # # # # # # # ############### # --------# ### |......|# # |.>[...|# ##)......|# |.....q@# |....f.| -------- Zapwai the Field Worker Experience level: 4 Strength: 13 Dexterity: 11 Constitution: 15 Intelligence: 16 Wisdom: 12 Charisma: 9 Health: 0(37) Energy: 10(10) Def: 2 Gold: 1031 Moves: 2248 Dungeon seed: BZIWT3mkXNjLqHnL Game ID: Zapwai_1434050653 Your Inventory: Coins $ - 1031 gold pieces Weapons a - a +2 bullwhip w - 7 +0 darts Armor e - an uncursed +0 leather jacket (being worn) z - an uncursed +0 orcish helm (being worn) Comestibles b - 5 uncursed food rations l - 2 uncursed pancakes m - an uncursed tripe ration u - an uncursed cram ration F - an uncursed eucalyptus leaf Scrolls D - an uncursed scroll of scare monster G - an uncursed scroll of amnesia I - a cursed scroll of create monster U - an uncursed scroll of food detection Y - 2 uncursed scrolls of earth Potions k - an uncursed potion of blindness V - an uncursed potion of booze Rings p - an uncursed ring of conflict Wands H - a wand of digging (0:4) W - a wand of striking (0:1) X - a wand of teleportation (0:4) Tools d - a tinning kit (0:61) f - an uncursed sack g - an uncursed tin opener o - an uncursed blindfold s - a +0 pick-axe (weapon in hand) B - an uncursed tin whistle Gems n - 11 uncursed rocks q - an uncursed touchstone r - an uncursed flint stone Spells known in the end: Name Level Category Fail Memory a - detect monsters 1 divination 30% 94% b - slow monster 2 enchantment 90% 94% Your skills at the end: Fighting Skills Weapon Skills pick-axe [Basic] boomerang [Basic] whip [Basic] Spellcasting Skills Final Attributes: You were fervently aligned. You were telepathic. You had infravision. You were stealthy. You were fast. You are dead. Vanquished creatures: a gold golem an Uruk-hai a rock piercer a yellow light a gray ooze an elf zombie 2 floating eyes a rothe 2 iguanas a large kobold a cave spider 4 geckos 3 jackals 2 kobolds a goblin 8 grid bugs a lichen 4 newts 36 creatures vanquished. Voluntary challenges: You used a wielded weapon 67 times, starting on turn 169. You read items or engraved 25 times, starting on turn 1022. You never genocided any monsters. You never polymorphed an object. You never changed form. You used no wishes. You never split a pudding. You wrote Elbereth's name 18 times, starting on turn 1027. You never violated your personal moral code. Dungeon overview: The Dungeons of Doom: levels 1 to 9 Level 1 a fountain a long staircase Level 2 a general store, a sink Level 3 a fountain stairs to The Gnomish Mines Level 4 some fountains Level 5 Level 6 an altar to Quetzalcoatl Level 7 a fountain Level 8 <- You were here Level 9 a fountain stairs to Sokoban The Gnomish Mines: Level 4 stairs to The Dungeons of Doom Sokoban: Level 8 stairs to The Dungeons of Doom History has recorded: On T:1 you entered the Dungeons of Doom to retrieve the Amulet of Yendor! On T:60 you reached level 2 of The Dungeons of Doom. On T:93 you reached level 3 of The Dungeons of Doom. On T:155 you reached level 4 of The Dungeons of Doom. On T:316 you reached level 1 of The Gnomish Mines. On T:594 you advanced to experience level 2. On T:1115 you reached level 5 of The Dungeons of Doom. On T:1186 you advanced to experience level 3. On T:1226 you reached level 6 of The Dungeons of Doom. On T:1457 you reached level 7 of The Dungeons of Doom. On T:1572 you reached level 8 of The Dungeons of Doom. On T:1922 you advanced to experience level 4. On T:1978 you reached level 9 of The Dungeons of Doom. On T:2031 you reached level 4 of Sokoban. Score breakdown: Gold: 1031 (10251 points) Experience: 4 levels ( 9649 points) Exploration: 9 levels ( 18.37%) (12247 points) Discoveries: 4 items ( 1.37%) ( 3505 points) Valuables value: (no points given unless you survive) Artifact value: 0 ( 0 points) Variety of kills: 18 monsters ( 4.75%) ( 6537 points) Time penalty: 2248 turns ( -173 points) Survival: died (score multiplied by 80%) Total score: 33612 Latest messages: You add to the writing in the dust with your fingers. Your writing hand is beginning to cramp. The rothe hits! You die... Final status: Goodbye Zapwai the Archeologist, killed by a rothe... You died in The Dungeons of Doom on dungeon level 8 with 33612 points, and 1031 pieces of gold, after 2248 moves. You were level 4 with a maximum of 37 hit points when you died.